 Dungeon Crawl Stone Soup version 0.27.1-34-g3ba077fa99 (webtiles) character file.

Game seed: 16404599187530404671

94 rel the Cutter (level 4, -11/29 HPs)
             Began as a Kobold Berserker on Jan 13, 2022.
             Was a Believer of Trog.
             Mangled by a small abomination (18 damage)
             ... on level 1 of the Abyss on Jan 24, 2022.
             The game lasted 00:07:02 (2708 turns).

rel the Cutter (Kobold Berserker)                   Turns: 2708, Time: 00:07:03

Health: -11/29     AC:  2    Str: 14    XL:     4   Next: 94%
Magic:  4/4        EV: 15    Int:  8    God:    Trog [**....]
Gold:   99         SH:  0    Dex: 15    Spells: 3/3 levels left

rFire    x . .     SeeInvis .   a - +0 short sword
rCold    + . .     Faith    .   (shield restricted)
rNeg     . . .     Spirit   .   b - +0 animal skin
rPois    .         Reflect  .   (no helmet)
rElec    .         Harm     .   (no cloak)
rCorr    .         Rampage  .   (no gloves)
Will     .....                  (no boots)
Stlth    +++.......             (no amulet)
HPRegen  0.09/turn              h - ring of ice
MPRegen  0.09/turn              (no ring)

@: no status effects
A: small, no large weapons, nightstalker 3
a: Renounce Religion, Berserk, Trog's Hand


You were on level 1 of the Abyss.
You worshipped Trog.
Trog was pleased with you.
You visited 1 branch of the dungeon, and saw 3 of its levels.
You visited the Abyss 1 time.

You collected 99 gold pieces.

Inventory:

Hand Weapons
 a - a +0 short sword (weapon)
Armour
 b - a +0 animal skin (worn)
Jewellery
 h - a ring of ice (left hand)
Scrolls
 c - a scroll of enchant armour {unknown}
 e - a scroll of identify {unknown}
 f - a scroll of teleportation {unknown}
 i - a scroll of enchant weapon {unknown}
Potions
 d - a potion of lignification {unknown}
 j - a potion of curing {unknown}


   Skills:
 + Level 4.0 Fighting
 + Level 5.1 Short Blades
 + Level 1.8 Armour
 + Level 2.9 Dodging
 + Level 2.8 Stealth


You had 3 spell levels left.
You didn't know any spells.
Your spell library was empty.

Dungeon Overview and Level Annotations

Branches:
Dungeon (3/15)

Altars:

Shops:
D:1 !=:*?   D:2 !!


Innate Abilities, Weirdness & Mutations

You are small and have problems with some larger weapons.
You are completely attuned to the shadows.


Message History

The small abomination completely misses you.
The small abomination hits you!
You see here a +2 war axe of flaming.
You hit the small abomination but do no damage.
The small abomination hits you but does no damage.
You closely miss the small abomination.
The small abomination closely misses you.
You hit the small abomination.
The small abomination is moderately damaged.
The small abomination misses you.
You closely miss the small abomination.
The small abomination is moderately damaged.
The small abomination barely misses you.
You hit the small abomination but do no damage.
The small abomination is moderately damaged.
The small abomination completely misses you.
You hit the small abomination.
The small abomination is moderately damaged.
You barely miss the small abomination.
The small abomination is moderately damaged.
The small abomination barely misses you.
You hit the small abomination.
The small abomination is moderately damaged.
The small abomination hits you.
You hit the small abomination.
The small abomination is heavily damaged.
The small abomination hits you.
* * * LOW HITPOINT WARNING * * *
You hit the small abomination but do no damage.
The small abomination is heavily damaged.
The small abomination closely misses you.
You closely miss the small abomination.
The small abomination is heavily damaged.
The small abomination barely misses you.
You hit the small abomination.
The small abomination is severely damaged.
You recover from your berserk rage.
The small abomination hits you!!
Ouch! That really hurt!
You die...

.#.. #.∩ #.
. ..##.#..
..
.....#...#
# #§ ..##..
#...
##..##..
$.# . #.#.#
.
##.###..##.
#
#..#$#x....
.....⌠.@# #
..
...#..#..
.##.#.###.
#.. ...


You could see a small abomination.

Vanquished Creatures
  2 gnolls (D:1)
  3 adders (D:2)
  An orc (D:3)
  5 endoplasms (D:1)
  2 giant cockroaches (D:1)
  4 goblins
  2 hobgoblins (D:2)
  6 jackals
  6 kobolds
  7 ball pythons
  2 bats (D:2)
  A frilled lizard (D:1)
  3 rats
44 creatures vanquished.

Notes
Turn   | Place    | Note
-------+----------+-------------------------------------------
     0 | D:1      | rel the Kobold Berserker began the quest for the Orb.
     0 | D:1      | Reached XP level 1. HP: 14/14 MP: 1/1
    58 | D:1      | Reached XP level 2. HP: 9/19 MP: 2/2
   262 | D:1      | Found Juakumuixt's Book Boutique.
   833 | D:1      | Reached XP level 3. HP: 24/24 MP: 3/3
   926 | D:1      | Reached skill level 1 in Stealth
  1144 | D:1      | Found Rudd's Jewellery Boutique.
  1151 | D:1      | Found Gaoryoh's Distillery.
  1314 | D:1      | Found Deolothre's Magic Scroll Boutique.
  1333 | D:1      | Reached ** piety under Trog
  1522 | D:1      | Found Holoj's General Store.
  1795 | D:2      | Reached XP level 4. HP: 28/29 MP: 4/4
  2008 | D:2      | Found Fabinej's Distillery.
  2129 | D:2      | Found Peel's Distillery.
  2222 | D:2      | Reached skill level 5 in Short Blades
  2659 | D:3      | Cast into level 1 of the Abyss (orc priest)
  2687 | Abyss:1  | Noticed a small abomination
  2708 | Abyss:1  | Mangled by a small abomination

Illustrated notes

Levels and vault maps discovered:
D:1:      shiori_arrival_elements, layout_loops_ring, serial_shops, shop_statue,
          nicolae_shop_crystal, shop, nicolae_shop_trees,
          nicolae_shop_window_shopping
D:2:      layout_loops_ring, serial_shops, nicolae_shop_waterfront,
          nicolae_shop_trees
D:3:      layout_basic, jmf_multi_god_temple, shapermc_ecumenical_altar_pompeii
Abyss:1:  base:
D:3

Skill      XL: |  1  2  3  4 |
---------------+-------------+-----
Stealth        | 1 2 |  2.8
Short Blades   | 5 |  5.1
Fighting       | 4 |  4.0
Armour         | |  1.8
Dodging        | |  2.9

Action                   |  1- 3 |  4- 6 || total
-------------------------+-------+-------++-------
Melee: Short sword       |    73 |    66 ||   139
Throw: Throwing net      |       |     1 ||     1
Invok: Berserk           |     4 |     1 ||     5
 Stab: Sleeping          |     8 |     5 ||    13
Armor: Animal skin       |    15 |    13 ||    28
Dodge: Dodged            |    46 |    62 ||   108
